Map: Neon Violet Square LE

Players

TYTY (TY) - Winner!

  • Race: Terran Terran
  • Spawn Location: 5:00

Ryung

  • Race: Terran Terran
  • Spawn Location: 11:00

Event: IEM Season 12 - Katowice

VOD

Have the link to the VOD?

Description

Time

  • Played on: Feb. 26, 2018, 6:37 a.m.
  • Length: 15:06

All games in this series

Show
View Real Time Build Order
Export as new Build Order

TYTY Terran - Winner!

Build Orders: Gas First Reaper Expand, Liberator Opening, Reaper Expand, Mech 

Get SALT Encoding   

  12  0:00  SCV  
  13  0:12  SCV  
  14  0:17  Supply Depot  
  14  0:24  SCV  
  15  0:29  Refinery  
  15  0:39  SCV  
  16  0:45  Barracks  
  16  0:51  SCV  
  17  1:03  SCV  
  18  1:15  SCV  
  19  1:32  Reaper  
  21  1:33  Orbital Command  
  20  1:47  Command Center  
  20  2:00  Factory  
  20  2:01  SCV  
  20  2:07  Barracks Reactor  
  21  2:14  Supply Depot  
  21  2:15  SCV  
  22  2:27  SCV  
  23  2:39  SCV, Refinery  
  24  2:48  Starport  
  24  2:50  Hellion x2  
  28  2:52  SCV  
  29  2:59  Orbital Command  
  29  3:04  SCV  
  30  3:08  Liberator  
  30  3:11  Hellion  
  32  3:15  Hellion  
  32  3:16  SCV  
  38  3:28  SCV  
  38  3:32  Supply Depot  
  38  3:33  SCV  
  40  3:40  SCV  
  41  3:41  Cyclone  
  41  3:45  SCV  
  45  3:49  Supply Depot  
  45  3:52  SCV  
  46  3:57  SCV  
  46  3:59  Cyclone  
  50  4:04  SCV  
  50  4:09  SCV  
  52  4:15  Command Center  
  52  4:16  SCV  
  53  4:22  SCV  
  54  4:28  SCV  
  54  4:30  Cyclone  
  52  4:34  SCV  
  52  4:35  Engineering Bay  
  52  4:37  Cyclone  
  56  4:40  SCV  
  57  4:47  SCV  
  57  4:48  Refinery x2  
  57  4:52  SCV  
  59  4:59  SCV  
  58  5:04  SCV, Factory  
  56  5:08  Hellion, Barracks Tech Lab  
  56  5:11  SCV  
  61  5:17  Missile Turret, SCV  
  62  5:25  SCV  
  62  5:27  Orbital Command  
  61  5:29  SCV, Hellion, Armory  
  61  5:30  Hellion, Armory  
  66  5:37  SCV  
  66  5:39  Barracks Tech Lab  
  67  5:46  SCV  
  67  5:49  SCV  
  69  5:50  Supply Depot  
  69  5:53  SCV  
  69  5:55  Siege Tank, Refinery  
  77  6:01  SCV x2, Refinery  
  77  6:03  Supply Depot  
  77  6:06  SCV  
  76  6:12  Hellion x3, Raven  
  76  6:14  Barracks Reactor, Hellion x2  
  76  6:15  SCV x2  
  76  6:17  Terran Vehicle Weapons Level 1  
  76  6:18  Supply Depot x3  
  84  6:21  Terran Vehicle And Ship Armor Level 1  
  84  6:24  SCV  
  85  6:26  Supply Depot  
  85  6:27  SCV  
  85  6:28  Supply Depot, SCV  
  87  6:33  Siege Tank  
  87  6:36  SCV  
  87  6:39  Hellion x2, SCV  
  96  6:41  SCV  
  98  6:55  Factory  
  98  6:58  Factory  
  98  7:00  Hellion, Factory  
  98  7:01  Viking, Hellion  
  101  7:02  Viking  
  101  7:05  SCV  
  108  7:10  Siege Tank  
  108  7:15  Command Center  
  109  7:18  SCV x3  
  109  7:20  Supply Depot  
  112  7:25  Hellion  
  112  7:26  Hellion  
  112  7:27  Sensor Tower  
  116  7:31  Viking  
  116  7:32  Viking  
  120  7:40  Factory Reactor  
  120  7:43  Factory Tech Lab  
  120  7:45  Siege Tank  
  120  7:46  Factory Tech Lab  
  120  7:48  Hellion x2  
  120  7:49  Sensor Tower, SCV x2  
  129  8:00  Supply Depot x2  
  129  8:02  Supply Depot  
  129  8:03  Supply Depot  
  126  8:07  Siege Tank x2  
  126  8:09  Medivac  
  126  8:11  Hellion  
  138  8:13  Hellion  
  138  8:19  Siege Tank  
  141  8:23  SCV  
  141  8:24  SCV x2  
  141  8:25  Missile Turret  
  141  8:26  Missile Turret  
  144  8:28  Planetary Fortress  
  144  8:31  Hellion  
  144  8:33  Hellion  
  148  8:39  Terran Vehicle Weapons Level 2  
  148  8:42  Hellion x2  
  148  8:44  Medivac  
  154  8:56  Missile Turret x2, Supply Depot, Siege Tank x2  
  154  8:57  Hellion  
  154  8:59  Hellion  
  154  9:01  Smart Servos  
  164  9:05  SCV x3  
  164  9:07  SCV  
  168  9:12  Siege Tank  
  168  9:14  Hellion x2  
  168  9:15  Medivac  
  175  9:18  Supply Depot  
  175  9:19  Hellion  
  175  9:22  Refinery  
  175  9:23  Refinery  
  175  9:25  Medivac  
  175  9:26  Hellion  
  179  9:39  Hellion, Command Center  
  179  9:45  Viking  
  187  9:50  Starport  
  196  10:00  Thor x2  
  193  10:22  Viking x2  
  193  10:27  Command Center  
  195  10:29  Infernal Pre-Igniter  
  195  10:30  Siege Tank  
  196  10:40  Starport Tech Lab  
  194  10:43  Siege Tank  
  195  10:51  Terran Vehicle And Ship Armor Level 2  
  195  10:58  Raven  
  195  11:02  Siege Tank  
  195  11:03  Siege Tank  
  195  11:15  Siege Tank  
  195  11:16  Factory  
  195  11:17  Factory  
  198  11:21  Viking, Refinery  
  198  11:22  Planetary Fortress  
  198  11:23  Refinery  
  200  11:25  Missile Turret x2  
  197  11:41  Raven  
  191  11:50  Liberator x2  
  187  11:55  Terran Vehicle Weapons Level 3  
  187  11:58  Hellion x3, Siege Tank x2  
  187  11:59  Hellion, Factory Tech Lab  
  187  12:00  Hellion  
  196  12:10  Hellion  
  194  12:39  Siege Tank x2  
  194  12:40  Factory Tech Lab  
  194  12:56  Command Center  
  194  12:58  Command Center  
  194  12:59  Starport  
  194  13:04  Sensor Tower  
  190  13:31  Siege Tank x3  
  191  13:38  Raven  
  191  13:39  Starport Tech Lab  
  193  13:43  Hellion  
  193  13:44  Hellion  
  197  13:55  Missile Turret  
  197  13:58  Raven  
  197  14:00  Command Center x2  
  199  14:09  Missile Turret  
  199  14:15  Missile Turret  
  199  14:16  Missile Turret  
  174  14:28  Siege Tank  
  174  14:29  Hellion x2, Siege Tank x2  
  160  14:32  Orbital Command x2  
  160  14:36  Hellion x2  
  169  14:46  SCV  
Show
View Real Time Build Order
Export as new Build Order

Ryung Terran 

Build Orders: Cyclone Opening, Reaper Expand, MMM Bio 

Get SALT Encoding   

  12  0:00  SCV  
  13  0:12  SCV  
  14  0:18  Supply Depot  
  14  0:25  SCV  
  15  0:39  SCV  
  15  0:40  Barracks  
  16  0:44  Refinery  
  16  0:51  SCV  
  17  1:03  SCV  
  18  1:15  SCV  
  19  1:27  Reaper  
  19  1:28  Orbital Command  
  20  1:50  Command Center  
  20  1:54  SCV  
  20  1:58  Marine  
  22  2:02  Supply Depot  
  22  2:10  Factory  
  22  2:12  SCV  
  23  2:24  SCV  
  23  2:25  Barracks Reactor  
  23  2:28  Refinery  
  24  2:36  SCV  
  25  2:48  SCV  
  26  2:55  Cyclone  
  29  3:00  SCV  
  29  3:01  Marine x2  
  29  3:02  Orbital Command  
  32  3:13  SCV, Starport  
  33  3:21  Marine x2  
  33  3:25  SCV  
  36  3:27  Factory Tech Lab  
  36  3:29  SCV  
  37  3:37  SCV  
  37  3:40  Supply Depot  
  37  3:41  SCV  
  37  3:43  Bunker, Marine x2  
  40  3:49  SCV  
  40  3:54  SCV  
  42  3:56  Raven  
  42  4:00  Factory Tech Lab  
  42  4:01  SCV  
  45  4:06  SCV  
  46  4:13  SCV  
  46  4:17  Command Center  
  47  4:18  SCV  
  47  4:22  Siege Tank  
  49  4:25  SCV  
  49  4:29  Marine x2  
  48  4:44  SCV x2  
  47  4:56  SCV x2  
  49  5:00  Marine  
  50  5:11  SCV x2  
  52  5:17  Starport Reactor, Barracks  
  52  5:18  Supply Depot  
  52  5:20  Barracks  
  52  5:23  SCV x2  
  54  5:29  Engineering Bay x2  
  54  5:37  SCV x2, Marine, Refinery x2  
  54  5:40  Orbital Command  
  57  5:45  Siege Tank  
  62  5:50  SCV x2  
  62  6:02  Starport Reactor, SCV x2  
  62  6:03  Terran Infantry Weapons Level 1  
  64  6:05  SCV  
  65  6:12  Barracks  
  65  6:14  SCV x2  
  65  6:15  Barracks Tech Lab  
  65  6:17  SCV  
  68  6:26  Barracks  
  68  6:27  SCV x2  
  68  6:28  Terran Infantry Armor Level 1  
  68  6:29  Supply Depot  
  68  6:30  Supply Depot  
  68  6:31  Marine  
  68  6:32  Marine  
  72  6:33  Stimpack  
  72  6:34  Combat Shields  
  72  6:35  SCV  
  72  6:39  SCV  
  71  6:41  SCV  
  71  6:44  Supply Depot  
  72  6:47  SCV  
  72  6:49  Refinery  
  72  6:50  Refinery  
  72  6:54  Medivac x2  
  75  6:56  SCV x2  
  75  6:59  SCV  
  80  7:03  Barracks Reactor  
  80  7:04  Barracks Tech Lab  
  80  7:08  SCV x2  
  82  7:10  Command Center  
  82  7:11  SCV  
  82  7:12  Marauder x2  
  87  7:20  SCV x2  
  89  7:23  SCV  
  89  7:24  Armory  
  89  7:25  Marauder  
  89  7:26  Supply Depot  
  89  7:28  Medivac  
  89  7:29  Medivac  
  96  7:32  Marine  
  96  7:33  Marine  
  96  7:34  Marine  
  96  7:36  Marauder  
  101  7:44  Supply Depot  
  101  7:45  Supply Depot  
  101  7:46  SCV  
  101  7:48  Supply Depot, SCV x2, Marauder  
  105  7:58  SCV  
  105  8:00  SCV x2  
  108  8:06  Medivac x2, Marauder x2  
  108  8:09  Marauder  
  108  8:10  SCV  
  108  8:11  Supply Depot x2  
  108  8:12  Terran Infantry Weapons Level 2  
  119  8:21  Starport  
  119  8:22  Starport  
  119  8:24  SCV x3  
  122  8:29  Concussive Shells  
  122  8:34  Marauder  
  124  8:35  Marauder  
  124  8:36  SCV, Medivac x2  
  124  8:40  Marauder  
  133  8:48  Orbital Command  
  133  8:57  Marine x4, Marauder x2  
  133  9:00  Marine, Raven  
  133  9:01  Starport Tech Lab  
  144  9:05  Refinery x2  
  144  9:09  Corvid Reactor  
  144  9:12  Terran Infantry Armor Level 2  
  144  9:15  SCV x3  
  147  9:22  Raven  
  149  9:27  SCV x3  
  149  9:28  SCV  
  153  9:34  Marauder x3  
  153  9:36  Barracks  
  159  9:38  Barracks  
  159  9:40  Barracks  
  159  9:52  Raven  
  159  9:56  Marauder  
  162  10:00  Supply Depot  
  162  10:01  Supply Depot x2  
  162  10:03  Marine  
  162  10:04  Marauder  
  164  10:10  Command Center  
  164  10:15  Marine  
  164  10:21  Marine x3, Raven  
  164  10:22  Marauder  
  164  10:23  Marauder  
  164  10:25  Marauder  
  174  10:31  Barracks Reactor, Barracks Tech Lab x2  
  174  10:33  Marine  
  172  10:39  Terran Infantry Weapons Level 3, Marine x3  
  173  10:43  Marauder  
  173  10:44  Marauder  
  173  10:46  Marauder  
  177  10:51  Marine  
  177  10:52  Raven  
  177  10:53  Marauder x2  
  180  10:57  Marine x2  
  181  11:05  Raven, Marauder x2  
  181  11:08  Marauder  
  181  11:10  Missile Turret  
  187  11:12  Missile Turret  
  187  11:16  Marine  
  188  11:21  Marine x3  
  188  11:22  Marauder x2  
  195  11:26  Marauder  
  195  11:27  Planetary Fortress  
  197  11:33  Barracks x2  
  197  11:35  Starport  
  197  11:36  Starport  
  197  11:37  Marine x2, Marauder x2  
  197  11:42  Raven  
  197  11:45  Missile Turret  
  197  12:08  Marauder x3  
  189  12:09  Terran Infantry Armor Level 3  
  189  12:12  Supply Depot  
  189  12:16  Marine x6  
  189  12:17  Marauder x2  
  195  12:35  Marine x4, Barracks Tech Lab, Marauder x3  
  169  12:38  Marauder x2  
  173  12:44  Starport Tech Lab x2  
  173  12:54  SCV x3  
  173  12:55  SCV x2  
  173  12:56  Marauder x3  
  177  13:00  Barracks Tech Lab, Marauder  
  179  13:09  Command Center, Raven  
  179  13:10  Raven  
  183  13:17  Marauder x2  
  183  13:18  Marauder x2  
  181  13:35  Marine x2, Marauder x2  
  181  13:36  Marauder  
  181  13:40  Medivac x2  
  188  13:41  SCV x2  
  190  13:54  Marauder x2  
  190  13:55  Marauder  
  192  14:24  Marauder x2  
  180  14:29  Marine x5, Marauder  
  180  14:31  Marauder x2  
  115  14:46  Marine x2  

Tags
 
Add a new tag
Caveats
  • Supply blocks, unpowered buildings, or Contaminate may cause inaccurate times.
  • Supply counts are checked every 10 seconds.